[Event "Titled Tuesday Blitz May 16 Late 2023"]
[White "Arnold, Ken"]
[Black "Haydon, David L"]
[WhiteFideId "2056836"]
[BlackFideId "415405"]
[WhiteElo "2393"]
[BlackElo "2326"]
[Result "0-1"]
[Round "03"]
[TimeControl "180+2"]
[Date "2023.05.16"]
[WhiteClock "0:00:00"]
[BlackClock "0:00:32"]

1. d4 Nf6 2. c4 e6 3. Nf3 b6 4. Nc3 Bb7 5. g3 Bb4 6. Bd2 O-O 7. Bg2 a5 8. O-O Na6 9. a3 Be7 10. Ne5 Bxg2 11. Kxg2 Qc8 12. e4 Qb7 13. f3 d6 14. Nd3 c6 15. Qe2 b5 16. cxb5 cxb5 17. a4 b4 18. Nb5 Rfc8 19. Rac1 Nd7 20. Be3 Nb6 21. b3 d5 22. e5 Nc7 23. Nxc7 Rxc7 24. Rxc7 Qxc7 25. Rc1 Qb7 26. Nc5 Bxc5 27. Rxc5 Nd7 28. Rc2 Rc8 29. Bf2 h6 30. Rxc8+ Qxc8 31. Qb5 Qc7 32. f4 Kf8 33. g4 Ke8 34. f5 Qb6 35. fxe6 fxe6 36. Qd3 Nf8 37. Be3 Qc6 38. Bd2 Kf7 39. h4 Kg8 40. h5 Qe8 41. Qa6 Qd8 42. Kg3 Qc7 43. Qd3 Qb6 44. g5 hxg5 45. Bxg5 Qc6 46. Bd2 Qe8 47. Kg4 Qf7 48. Bf4 Qc7 49. h6 Qf7 50. hxg7 Qxg7+ 51. Kf3 Ng6 52. Bg5 Nxe5+ 53. dxe5 Qxg5 54. Qd4 Qf5+ 55. Ke3 Qh3+ 56. Kf2 Qxb3 57. Qg4+ Kf7 58. Qh5+ Ke7 59. Qh7+ Kd8 60. Qg8+ Kc7 61. Qf7+ Kb6 62. Qxe6+ Kc5 63. Qd6+ Kd4 64. e6 Qe3+ 65. Kg2 Qe4+ 66. Kg3 b3 67. e7 b2 68. Qb6+ Kc3 69. Qc5+ Kb3 70. Qb5+ Ka2 71. e8=Q Qxe8 72. Qxe8 b1=Q 73. Qb5 Qb3+ 74. Kf4 Qc4+ 75. Ke5 Ka3 76. Qxd5 Qxa4 77. Qd3+ Qb3 0-1


[Site "https://www.chess.com"]

[Event "Titled Tuesday Blitz May 16 Late 2023"]
[White "Arabidze, Meri"]
[Black "Avalos Parra, Joao"]
[WhiteFideId "13604040"]
[BlackFideId "3402541"]
[WhiteElo "2405"]
[BlackElo "2173"]
[Result "1-0"]
[Round "03"]
[TimeControl "180+2"]
[Date "2023.05.16"]
[WhiteClock "0:01:27"]
[BlackClock "0:00:37"]

1. Nf3 d5 2. g3 Nf6 3. Bg2 e6 4. O-O c5 5. d4 Nc6 6. c4 Be7 7. Nc3 O-O 8. dxc5 Bxc5 9. cxd5 Nxd5 10. Nxd5 exd5 11. Bg5 Qd6 12. Rc1 Be6 13. Bf4 Qe7 14. Qc2 Bb6 15. Ng5 g6 16. Nxe6 fxe6 17. Bh6 Rfd8 18. e3 Rac8 19. Qe2 Ne5 20. h4 Qf7 21. b3 a6 22. Kh1 Qf5 23. Bf4 Nd3 24. Rxc8 Rxc8 25. Bg5 Ne5 26. e4 dxe4 27. Qxe4 Qxe4 28. Bxe4 Ng4 29. Kg2 Rc7 30. Bf4 e5 31. Bg5 Kg7 32. Bd8 1-0


[Site "https://www.chess.com"]

[Event "Titled Tuesday Blitz May 16 Late 2023"]
[White "Fishbein, Mitch"]
[Black "Shapiro, Daniel"]
[WhiteFideId "30922917"]
[BlackFideId "2001780"]
[WhiteElo "1964"]
[BlackElo "2370"]
[Result "1-0"]
[Round "03"]
[TimeControl "180+2"]
[Date "2023.05.16"]
[WhiteClock "0:00:14"]
[BlackClock "0:00:02"]

1. e4 e5 2. Nf3 Nc6 3. Bb5 a6 4. Ba4 Nf6 5. Nc3 b5 6. Bb3 Bd6 7. a3 O-O 8. O-O Re8 9. d3 h6 10. h3 Bb7 11. Re1 Bf8 12. Nd5 Na5 13. Nxf6+ Qxf6 14. Ba2 c5 15. Bd2 Nc6 16. Bd5 Rab8 17. c3 Ne7 18. Bxb7 Rxb7 19. Be3 Ng6 20. d4 exd4 21. cxd4 Rxe4 22. dxc5 Qxb2 23. Qd5 Rxe3 24. fxe3 Rc7 25. Rec1 Qe2 26. Re1 Qb2 27. Qd4 Qb3 28. Reb1 Qe6 29. Rc1 Kh7 30. Rab1 Be7 31. Kh1 Bf6 32. Qd6 Rc6 33. Qxe6 Rxe6 34. Rb3 Be7 35. Rd3 Nf8 36. Nd4 Re4 37. Nf5 Bg5 38. h4 Bxh4 39. Rd4 Rxd4 40. exd4 Bf6 41. d5 g6 42. c6 dxc6 43. dxc6 Ne6 44. Nd6 Nc7 45. Nxf7 Kg7 46. Nd6 Kf8 47. Rc2 Ke7 48. Ne4 Be5 49. Rd2 Ke6 50. Rd7 Bf4 51. Nc5+ Kf6 52. Kg1 h5 53. Kf2 a5 54. g3 Be5 55. Nd3 Na6 56. Nxe5 Kxe5 57. c7 1-0


[Site "https://www.chess.com"]

[Event "Titled Tuesday Blitz May 16 Late 2023"]
[White "Guerra Tulcan, Lenin"]
[Black "Prieto Aranguren, Alain"]
[WhiteFideId "3601382"]
[BlackFideId "2268906"]
[WhiteElo "2368"]
[BlackElo "2209"]
[Result "1-0"]
[Round "03"]
[TimeControl "180+2"]
[Date "2023.05.16"]
[WhiteClock "0:01:46"]
[BlackClock "0:01:39"]

1. e4 c6 2. Nf3 d5 3. exd5 cxd5 4. Ne5 Qb6 5. d4 Nc6 6. Nc3 Nf6 7. Bb5 Bd7 8. Bxc6 Bxc6 9. O-O e6 10. Re1 Be7 11. Ne2 Rc8 12. c3 Bb5 13. Ng3 h5 14. h3 h4 15. Ne2 Ne4 16. Nf4 Bf6 17. Ng4 Bg5 18. Nxd5 exd5 19. Bxg5 Qg6 20. f3 Qxg5 21. fxe4 dxe4 22. Rxe4+ Kf8 23. Re5 f5 24. Rxb5 a6 25. Re5 Rc6 26. Qf3 1-0


[Site "https://www.chess.com"]

[Event "Titled Tuesday Blitz May 16 Late 2023"]
[White "Figorito, Nick"]
[Black "Ismayil, Malak"]
[WhiteFideId "30923689"]
[BlackFideId "13412604"]
[WhiteElo "2326"]
[BlackElo "1868"]
[Result "0-1"]
[Round "03"]
[TimeControl "180+2"]
[Date "2023.05.16"]
[WhiteClock "0:00:09"]
[BlackClock "0:00:16"]

1. Nf3 Nf6 2. g3 d5 3. Bg2 e6 4. O-O Be7 5. d4 O-O 6. b3 c5 7. Bb2 Nc6 8. Nbd2 b6 9. c4 Bb7 10. cxd5 exd5 11. dxc5 bxc5 12. Rc1 Rc8 13. Qc2 Ba6 14. Rfe1 Nb4 15. Qb1 d4 16. Ne5 Nbd5 17. Ndc4 Re8 18. e3 dxe3 19. Nxe3 Nb4 20. a3 Nd3 21. Nxd3 Bxd3 22. Qa1 Qb6 23. Bxf6 Bxf6 24. Nd5 Bxa1 25. Nxb6 axb6 26. Rxa1 Bc2 27. Bd5 Red8 28. Bc4 Kf8 29. Rac1 Rd2 30. Re3 Rb8 31. a4 Rbd8 32. Kg2 f5 33. Be2 Be4+ 34. Bf3 R2d3 35. Rxd3 Rxd3 36. Bxe4 fxe4 37. Rb1 Kf7 38. h4 Kf6 39. b4 c4 40. a5 bxa5 41. bxa5 Ra3 42. Rb4 c3 43. Rb5 Ra2 44. Rc5 c2 45. a6 e3 46. Kf3 exf2 47. Kg2 Ra1 48. Rc6+ Ke5 49. Kxf2 c1=Q 50. Rxc1 Rxc1 51. a7 Ra1 0-1


[Site "https://www.chess.com"]

[Event "Titled Tuesday Blitz May 16 Late 2023"]
[White "Ollier, Pablo"]
[Black "Onslow, Alfie"]
[WhiteFideId "652318"]
[BlackFideId "436976"]
[WhiteElo "2496"]
[BlackElo "2114"]
[Result "1-0"]
[Round "03"]
[TimeControl "180+2"]
[Date "2023.05.16"]
[WhiteClock "0:01:05"]
[BlackClock "0:02:08"]

1. d4 Nf6 2. c4 c5 3. d5 b5 4. cxb5 a6 5. Nc3 axb5 6. e4 b4 7. Nb5 d6 8. a4 Nbd7 9. Nf3 g6 10. Bd3 Bg7 11. O-O O-O 12. Bg5 Ng4 13. Bf4 Nge5 14. Nxe5 Nxe5 15. Bxe5 Bxe5 16. Qe2 Bd7 17. f4 Bxb5 18. Bxb5 Bd4+ 19. Kh1 e5 20. dxe6 Be5 21. exf7+ 1-0


[Site "https://www.chess.com"]

[Event "Titled Tuesday Blitz May 16 Late 2023"]
[White "Mikayel99"]
[Black "KorolDimitriy75"]
[WhiteElo "2311"]
[BlackElo "2468"]
[Result "1-0"]
[Round "03"]
[TimeControl "180+2"]
[Date "2023.05.16"]
[WhiteClock "0:01:27"]
[BlackClock "0:00:05"]

1. e4 c5 2. Nf3 d6 3. d4 cxd4 4. Nxd4 Nf6 5. Nc3 g6 6. Be3 Bg7 7. f3 O-O 8. Qd2 Nc6 9. O-O-O d5 10. exd5 Nxd5 11. Nxc6 bxc6 12. Bd4 e5 13. Bc5 Be6 14. Ne4 Rb8 15. Bc4 Qc7 16. Bb3 Rfd8 17. Qf2 a5 18. c4 Nf4 19. Bd6 Rxd6 20. Nxd6 a4 21. Bxa4 e4 22. Bb3 Be5 23. Nxe4 Qa5 24. Qc5 Qa6 25. Qxe5 1-0


[Site "https://www.chess.com"]

[Event "Titled Tuesday Blitz May 16 Late 2023"]
[White "Papayan, Oleg"]
[Black "lluiss"]
[WhiteFideId "4193911"]
[WhiteElo "2171"]
[BlackElo "2280"]
[Result "1-0"]
[Round "03"]
[TimeControl "180+2"]
[Date "2023.05.16"]
[WhiteClock "0:00:16"]
[BlackClock "0:00:00"]

1. e4 c5 2. d4 cxd4 3. Qxd4 Nc6 4. Qd3 Nf6 5. Nc3 g6 6. Nf3 d6 7. Be2 Bg7 8. O-O O-O 9. Nd5 Bg4 10. c3 Rc8 11. Bg5 Nd7 12. Rad1 Re8 13. a4 h6 14. Bh4 Nce5 15. Qe3 Bxf3 16. Bxf3 Nxf3+ 17. Qxf3 Ne5 18. Qe3 b6 19. Qe2 Qd7 20. f4 Nc6 21. e5 Qe6 22. g4 g5 23. fxg5 hxg5 24. Bxg5 Nxe5 25. h3 Rc5 26. Nf4 Qd7 27. Nh5 Qc6 28. Be3 Rc4 29. Bd4 1-0


[Site "https://www.chess.com"]

[Event "Titled Tuesday Blitz May 16 Late 2023"]
[White "Magallanes, Rey Jomar"]
[Black "Pasti, Aron"]
[WhiteFideId "5205948"]
[BlackFideId "785857"]
[WhiteElo "2246"]
[BlackElo "2173"]
[Result "0-1"]
[Round "03"]
[TimeControl "180+2"]
[Date "2023.05.16"]
[WhiteClock "0:01:56"]
[BlackClock "0:01:35"]

1. e4 c5 2. Nf3 e6 3. d4 cxd4 4. Nxd4 Nc6 5. Nc3 Qc7 6. Be2 a6 7. Be3 b5 8. O-O Bb7 9. a3 Nf6 10. f4 Bc5 11. Nf5 Qb6 12. Nd6+ Ke7 13. Bf2 Bxf2+ 14. Rxf2 Nd8 15. Bf3 Qxd6 16. Qxd6+ Kxd6 17. e5+ Ke7 18. exf6+ gxf6 19. Bxb7 Nxb7 20. Re1 f5 21. Nd5+ Kd6 22. Nb6 Rad8 23. c4 Kc6 24. cxb5+ Kxb6 25. bxa6 Kxa6 26. b4 d5 27. Rc2 Rc8 28. Rec1 Rxc2 29. Rxc2 Kb6 30. a4 Nd6 31. b5 Rc8 32. Rxc8 Nxc8 33. Kf2 Nd6 34. Ke3 Nc4+ 35. Kd4 Nb2 36. a5+ Kxa5 37. Kc5 Na4+ 38. Kc6 d4 39. b6 Nxb6 40. Kc5 d3 41. Kd6 d2 42. Ke7 d1=Q 43. Kxf7 Qe2 44. Kf6 Qxg2 45. Kxe6 Qxh2 46. Kf6 Qh6+ 47. Ke7 Nd5+ 48. Kd7 Kb6 49. Ke8 Qe6+ 50. Kf8 Qe7+ 51. Kg8 Nf6+ 52. Kh8 Qf8# 0-1


[Site "https://www.chess.com"]

[Event "Titled Tuesday Blitz May 16 Late 2023"]
[White "Araujo, Everson De Moura"]
[Black "Sai Han Thiha"]
[WhiteFideId "22737197"]
[BlackFideId "13012290"]
[WhiteElo "2035"]
[BlackElo "1954"]
[Result "0-1"]
[Round "03"]
[TimeControl "180+2"]
[Date "2023.05.16"]
[WhiteClock "0:00:05"]
[BlackClock "0:00:40"]

1. c4 Nf6 2. Nc3 g6 3. g3 Bg7 4. Bg2 O-O 5. e4 c5 6. Nge2 Nc6 7. O-O d6 8. d3 Ne8 9. f4 Nc7 10. a4 Ne6 11. Be3 Ned4 12. h3 Rb8 13. g4 a6 14. f5 b5 15. axb5 axb5 16. b3 bxc4 17. bxc4 Nxe2+ 18. Nxe2 Bxa1 19. Qxa1 Qa5 20. Qc1 Ne5 21. d4 cxd4 22. Nxd4 Ba6 23. f6 exf6 24. Rxf6 Bxc4 25. Rxd6 Bd3 26. Rd5 Qa2 27. Qc3 Rb1+ 28. Kh2 Rb2 29. Rxe5 Rxg2+ 30. Kh1 Rh2+ 31. Kg1 Qg2# 0-1


[Site "https://www.chess.com"]

[Event "Titled Tuesday Blitz May 16 Late 2023"]
[White "Moral Garcia, Serafin"]
[Black "Horokoskii"]
[WhiteFideId "2201925"]
[WhiteElo "2274"]
[BlackElo "2152"]
[Result "1-0"]
[Round "03"]
[TimeControl "180+2"]
[Date "2023.05.16"]
[WhiteClock "0:01:10"]
[BlackClock "0:00:00"]

1. c4 c5 2. Nc3 Nc6 3. g3 g6 4. Bg2 Bg7 5. a3 Nf6 6. Rb1 O-O 7. b4 cxb4 8. axb4 a6 9. d3 d6 10. Bd2 h5 11. e3 Bg4 12. Nge2 Ne5 13. Qc2 Nf3+ 14. Kf1 Nxd2+ 15. Qxd2 Qc7 16. h3 Bd7 17. Nf4 Bc6 18. b5 Bxg2+ 19. Kxg2 axb5 20. Nxb5 Qc6+ 21. Kh2 h4 22. g4 Nd7 23. Nd5 Rfe8 24. f4 Rac8 25. Qf2 e6 26. Ndc3 Nc5 27. Rbd1 Ra8 28. Qxh4 Ra6 29. Qf2 Rea8 30. Qg2 d5 31. cxd5 exd5 32. Qxd5 Qb6 33. d4 Ne6 34. Rb1 Qa5 35. Rhc1 Rc8 36. Rc2 Nc7 37. Nxc7 Qxc7 38. Rbc1 Ra3 39. Nb5 Qxc2+ 40. Rxc2 Rxc2+ 41. Kg3 Raa2 42. Nd6 Bf6 43. Qxf7+ Kh8 44. Qxf6+ Kh7 45. Nf7 Rg2+ 46. Kh4 Rh2 47. Ng5+ Kg8 48. Qxg6+ 1-0


[Site "https://www.chess.com"]

[Event "Titled Tuesday Blitz May 16 Late 2023"]
[White "Balague Camps, Marc"]
[Black "Levar, Nenad"]
[WhiteFideId "2297914"]
[BlackFideId "14504430"]
[WhiteElo "2089"]
[BlackElo "2095"]
[Result "1-0"]
[Round "03"]
[TimeControl "180+2"]
[Date "2023.05.16"]
[WhiteClock "0:00:08"]
[BlackClock "0:00:00"]

1. d4 Nf6 2. c4 e6 3. Nc3 Bb4 4. f3 O-O 5. a3 Bxc3+ 6. bxc3 c5 7. e4 d6 8. Be3 b6 9. Bd3 e5 10. Ne2 Nc6 11. O-O Na5 12. f4 Ng4 13. Bd2 Qh4 14. h3 Nf6 15. fxe5 dxe5 16. d5 Ne8 17. Kh2 Nd6 18. Ng1 Naxc4 19. Be1 Qe7 20. Qe2 Na5 21. c4 Ba6 22. Bxa5 bxa5 23. Nf3 Rab8 24. Rac1 Rb3 25. Ne1 Rfb8 26. Rf3 f6 27. Qe3 Nf7 28. Qd2 Qc7 29. Nc2 Bc8 30. Rg3 Kh8 31. Rf1 Rb2 32. Qf2 Qe7 33. Qe1 Qc7 34. Ne3 R2b3 35. Nf5 Bxf5 36. Rxf5 Rxa3 37. Rh5 Rbb3 38. Qd1 h6 39. Qg4 Ng5 40. Rxg5 fxg5 41. Rf3 Rb8 42. Qe6 Rab3 43. d6 Qd8 44. d7 Qg8 45. Qxe5 Rd8 46. Qe7 Rbb8 47. e5 a4 48. e6 a3 49. Qxc5 a2 50. Qe5 Rb6 51. Rf7 a1=Q 52. Qxa1 Rxe6 53. Rf3 Rxd7 54. Bf5 Ree7 55. Bxd7 Rxd7 56. c5 Qb8+ 57. Kg1 Rb7 58. Kf2 1-0


[Site "https://www.chess.com"]

[Event "Titled Tuesday Blitz May 16 Late 2023"]
[White "Wagner, Dennis"]
[Black "Ismayilova, Khanim"]
[WhiteFideId "24650684"]
[BlackFideId "13429019"]
[WhiteElo "2478"]
[BlackElo "1633"]
[Result "1-0"]
[Round "03"]
[TimeControl "180+2"]
[Date "2023.05.16"]
[WhiteClock "0:01:19"]
[BlackClock "0:00:01"]

1. e4 c5 2. Nf3 Nc6 3. Bb5 g6 4. Bxc6 dxc6 5. d3 Bg7 6. h3 e5 7. a4 Ne7 8. a5 O-O 9. Be3 Qd6 10. Nbd2 Be6 11. Ng5 b6 12. Nxe6 Qxe6 13. O-O f5 14. f3 f4 15. Bf2 g5 16. Qb1 Ng6 17. Qa2 Qxa2 18. Rxa2 Rfd8 19. Rfa1 Rab8 20. axb6 axb6 21. Ra6 Rb7 22. Nc4 Rdb8 23. Ra7 Rxa7 24. Rxa7 b5 25. Na5 Rb6 26. Bxc5 Rb8 27. b4 Rc8 28. Ra6 Bf8 29. Rxc6 Rxc6 30. Nxc6 Bxc5+ 31. bxc5 Kf7 32. c3 Ke6 33. Kf2 Kd7 34. Nb4 Ne7 35. d4 exd4 36. cxd4 Nc8 37. d5 Na7 38. e5 Nc8 39. e6+ Ke7 40. Ke2 Na7 41. Kd3 h5 42. Ke4 Nc8 43. Ke5 Na7 44. d6+ Ke8 45. c6 Nc8 46. c7 Nb6 47. Nd5 Nc4+ 48. Kd4 Nxd6 49. Kc5 Nc8 50. Nb6 Ne7 51. Kxb5 Kf8 52. Kc5 Kg7 53. Kd6 Kf6 54. Nd7+ Kg7 55. Kxe7 Kg6 56. c8=Q g4 57. Qg8+ Kh6 58. Kf6 g3 59. Qg6# 1-0


[Site "https://www.chess.com"]

[Event "Titled Tuesday Blitz May 16 Late 2023"]
[White "Carrasco Miranda, Andres"]
[Black "OPQRC"]
[WhiteFideId "3405990"]
[WhiteElo "2183"]
[BlackElo "2560"]
[Result "1-0"]
[Round "03"]
[TimeControl "180+2"]
[Date "2023.05.16"]
[WhiteClock "0:01:01"]
[BlackClock "0:00:00"]

1. d4 Nf6 2. c4 e6 3. g3 d5 4. Bg2 Bb4+ 5. Nd2 O-O 6. Nf3 c6 7. O-O b6 8. a3 Be7 9. b4 Bb7 10. Bb2 Nbd7 11. Qc2 Rc8 12. Rfd1 c5 13. dxc5 bxc5 14. b5 d4 15. a4 Qc7 16. a5 Rfe8 17. Ne1 e5 18. Bxb7 Qxb7 19. a6 Qc7 20. Ne4 Nxe4 21. Qxe4 Nf6 22. Qb7 Bd6 23. e4 h5 24. f3 Qd8 25. Qxa7 Re7 26. Qb7 Rxb7 27. axb7 Rb8 28. Ra6 Rxb7 29. Rda1 h4 30. Bc1 d3 31. Nxd3 Bf8 32. Nf2 Rd7 33. Be3 h3 34. Ra8 1-0


[Site "https://www.chess.com"]

[Event "Titled Tuesday Blitz May 16 Late 2023"]
[White "Alexikov, Alexander"]
[Black "slow_jamz"]
[WhiteFideId "14103958"]
[WhiteElo "2186"]
[BlackElo "2526"]
[Result "0-1"]
[Round "03"]
[TimeControl "180+2"]
[Date "2023.05.16"]
[WhiteClock "0:00:06"]
[BlackClock "0:00:20"]

1. e4 e5 2. Nf3 Nc6 3. c3 Nf6 4. d4 Nxe4 5. d5 Ne7 6. Nxe5 Ng6 7. Qf3 Nf6 8. Nc4 d6 9. h3 Be7 10. g3 O-O 11. Bg2 b6 12. O-O Ba6 13. Nba3 Ne5 14. Nxe5 Bxf1 15. Kxf1 dxe5 16. Nc4 e4 17. Qd1 Re8 18. Ne3 Bc5 19. c4 Qd7 20. g4 g6 21. b3 Bf8 22. Bb2 Bg7 23. g5 Nh5 24. Bxg7 Nxg7 25. Ng4 Nh5 26. Qd4 f6 27. gxf6 Qd6 28. Re1 Kf8 29. Kg1 Rad8 30. Rxe4 Rxe4 31. Bxe4 Re8 32. Bf3 Re1+ 33. Kg2 Nf4+ 34. Kh2 Ne6+ 35. Qe5 Rxe5 36. Nxe5 Qxe5+ 37. Kg1 Nd4 38. Bg2 Qxf6 0-1


[Site "https://www.chess.com"]

[Event "Titled Tuesday Blitz May 16 Late 2023"]
[White "Celestino, Rafael Teixeira"]
[Black "Yedidia, Daniel"]
[WhiteFideId "2108925"]
[BlackFideId "30905907"]
[WhiteElo "2315"]
[BlackElo "2513"]
[Result "1-0"]
[Round "03"]
[TimeControl "180+2"]
[Date "2023.05.16"]
[WhiteClock "0:00:26"]
[BlackClock "0:00:07"]

1. e4 e5 2. Nf3 Nc6 3. Bc4 Nf6 4. Ng5 d5 5. exd5 Na5 6. Bb5+ c6 7. dxc6 bxc6 8. Qf3 Be7 9. Ba4 O-O 10. Nc3 Bb7 11. d3 c5 12. Qh3 h6 13. Nge4 Nxe4 14. dxe4 Ba6 15. Qg3 Kh7 16. Nd5 Bd6 17. Bd2 Nc4 18. O-O-O Nxd2 19. Rxd2 Qb8 20. Ne3 Be7 21. Nf5 Bg5 22. Kb1 g6 23. Rd7 gxf5 24. h4 Bf6 25. exf5 Kh8 26. Qe3 Kh7 27. g4 e4 28. c3 Bd3+ 29. Ka1 Qe5 30. g5 Qxf5 31. gxf6 Rad8 32. Rxa7 Qxf6 33. Qxc5 Rg8 34. Bb3 Rg7 35. Re1 Rd6 36. Ra8 Ra6 37. Rxa6 Bxa6 38. c4 Bb7 39. Bc2 Qxh4 40. Qf5+ Kg8 41. Rd1 Qg5 42. Qd7 Ba6 43. Qe8+ 1-0


[Site "https://www.chess.com"]

[Event "Titled Tuesday Blitz May 16 Late 2023"]
[White "Skaric, Djuro"]
[Black "Aggelis, Nikolaos"]
[WhiteFideId "934569"]
[BlackFideId "4213220"]
[WhiteElo "2282"]
[BlackElo "2189"]
[Result "0-1"]
[Round "03"]
[TimeControl "180+2"]
[Date "2023.05.16"]
[WhiteClock "0:00:52"]
[BlackClock "0:00:21"]

1. g3 f5 2. Bg2 Nf6 3. d3 e6 4. Nc3 Nc6 5. e4 d5 6. exf5 exf5 7. Nf3 Bb4 8. O-O O-O 9. Ne2 Bd7 10. c3 Bd6 11. b4 Ne5 12. Bg5 Nf7 13. Bf4 c6 14. Bxd6 Nxd6 15. Ne5 Be8 16. Nd4 Bh5 17. Qd2 Re8 18. Rfe1 Qb6 19. a4 Re7 20. a5 Qc7 21. h3 Rae8 22. f4 Nf7 23. Ndf3 Bxf3 24. Nxf3 a6 25. Kh2 Nh5 26. Rxe7 Rxe7 27. Re1 h6 28. Nd4 g6 29. Rxe7 Qxe7 30. g4 fxg4 31. f5 Qe5+ 32. Kg1 gxf5 33. hxg4 fxg4 34. Qf2 Nf4 35. Bf1 h5 36. Qg3 Qg5 37. Nf3 gxf3 38. Qxg5+ Nxg5 39. Kf2 Nfe6 40. Ke3 Kf7 41. c4 Kf6 42. b5 axb5 43. cxb5 cxb5 44. d4 b4 45. Bd3 b3 46. Bb1 h4 47. Kf2 h3 48. Kg1 Nxd4 49. Kh2 Nc6 50. a6 bxa6 51. Bd3 a5 52. Bb1 b2 53. Kg3 a4 54. Ba2 d4 55. Bb1 Ne5 56. Ba2 a3 57. Bb1 d3 0-1


[Site "https://www.chess.com"]

[Event "Titled Tuesday Blitz May 16 Late 2023"]
[White "Ilkhomi, Jaloliddin"]
[Black "Einarsson, Halldor Gretar"]
[WhiteFideId "14700948"]
[BlackFideId "2300150"]
[WhiteElo "2045"]
[BlackElo "2110"]
[Result "1-0"]
[Round "03"]
[TimeControl "180+2"]
[Date "2023.05.16"]
[WhiteClock "0:02:36"]
[BlackClock "0:00:08"]

1. Nf3 Nf6 2. d4 g6 3. c4 Bg7 4. Nc3 d5 5. e3 O-O 6. cxd5 Nxd5 7. Bc4 Be6 8. Qb3 c6 9. Qxb7 Qd7 10. Qxd7 Nxd7 11. Nxd5 cxd5 12. Bd3 Rab8 13. b3 Nc5 14. Bc2 Rfc8 15. Ba3 Na4 16. Kd2 Nb6 17. Rhc1 Kf8 18. Bd3 Bh6 19. h4 f6 20. h5 Kf7 21. hxg6+ hxg6 22. Rh1 Kg7 23. Bxe7 Re8 24. Bxf6+ 1-0


[Site "https://www.chess.com"]

[Event "Titled Tuesday Blitz May 16 Late 2023"]
[White "Fajdetic, Hrvoje"]
[Black "Deviprasath, Sharvesh"]
[WhiteFideId "14501945"]
[BlackFideId "30938228"]
[WhiteElo "2185"]
[BlackElo "2168"]
[Result "0-1"]
[Round "03"]
[TimeControl "180+2"]
[Date "2023.05.16"]
[WhiteClock "0:00:00"]
[BlackClock "0:01:54"]

1. d4 Nf6 2. Bf4 g6 3. Nc3 Bg7 4. e4 d6 5. Qd2 O-O 6. O-O-O Nbd7 7. Bh6 c5 8. Bxg7 Kxg7 9. e5 Ne8 10. exd6 exd6 11. h4 h5 12. dxc5 Nxc5 13. Nd5 Be6 14. Nf3 Bxd5 15. Qxd5 Nf6 16. Qd4 Ne6 17. Qxd6 Qxd6 18. Rxd6 Ne4 19. Rd7 Nxf2 20. Rg1 Rfd8 21. Rxd8 Rxd8 22. Bc4 Nf4 23. g3 Rc8 24. b3 Rxc4 25. gxf4 Rxf4 26. Ng5 Rxh4 27. Re1 Rg4 28. Re2 Rxg5 29. Rxf2 h4 30. Kd2 h3 31. Ke3 Rg2 32. Rf3 h2 33. Rh3 Rxc2 34. a4 Rc3+ 0-1


[Site "https://www.chess.com"]

[Event "Titled Tuesday Blitz May 16 Late 2023"]
[White "Estrada Nieto, Julian"]
[Black "Rose, Felix"]
[WhiteFideId "5101018"]
[BlackFideId "5105722"]
[WhiteElo "2161"]
[BlackElo "2039"]
[Result "1/2-1/2"]
[Round "03"]
[TimeControl "180+2"]
[Date "2023.05.16"]
[WhiteClock "0:00:28"]
[BlackClock "0:00:18"]

1. e4 d6 2. d4 Nf6 3. Nc3 g6 4. Nf3 Bg7 5. Be2 O-O 6. O-O c6 7. a4 Nbd7 8. Be3 Qc7 9. a5 e5 10. dxe5 Nxe5 11. Nxe5 dxe5 12. f3 Rd8 13. Qe1 Be6 14. Qf2 Re8 15. Bxa7 Nd7 16. Be3 Rxa5 17. Bb6 Nxb6 18. Rxa5 Nc4 19. Ra2 Nd2 20. Rd1 Bxa2 21. Nxa2 Qa5 22. Nc3 Bf8 23. Kh1 Bc5 24. Qe1 Be3 25. Rxd2 Bxd2 26. Qxd2 Rd8 27. Bd3 Qa1+ 28. Nd1 c5 29. b3 b5 30. c4 bxc4 31. bxc4 Qa3 32. Nb2 Qa1+ 33. Nd1 Qa3 34. Nb2 Qa1+ 35. Nd1 1/2-1/2


[Site "https://www.chess.com"]

[Event "Titled Tuesday Blitz May 16 Late 2023"]
[White "Ward, Ieuan C"]
[Black "Stork, Oliver"]
[WhiteFideId "406627"]
[BlackFideId "12955728"]
[WhiteElo "2292"]
[BlackElo "2239"]
[Result "1/2-1/2"]
[Round "03"]
[TimeControl "180+2"]
[Date "2023.05.16"]
[WhiteClock "0:00:06"]
[BlackClock "0:00:11"]

1. d4 Nf6 2. c4 e6 3. Nf3 d5 4. Nc3 Bb4 5. Bg5 h6 6. Bxf6 Qxf6 7. e3 O-O 8. Bd3 dxc4 9. Bxc4 c5 10. O-O Nc6 11. Ne4 Qf5 12. Nd6 Qf6 13. a3 Ba5 14. dxc5 Qxb2 15. Qb1 Qf6 16. Nxc8 Raxc8 17. Qxb7 Ne5 18. Nxe5 Qxe5 19. c6 Rc7 20. Qb5 Qxb5 21. Bxb5 Rb8 22. Rab1 Kf8 23. Ba4 Rb6 24. Rxb6 Bxb6 25. Rd1 Ke7 26. Rd7+ Rxd7 27. cxd7 Bc5 28. Kf1 Bxa3 29. Ke2 Bd6 30. h3 a5 31. Kd3 Bb4 32. Kc4 Kd8 33. e4 e5 34. Kd5 Bc3 35. Kd6 Bd4 36. f3 g5 37. Bb3 f6 38. Ba4 Be3 39. Ke6 Bf4 40. Kxf6 h5 41. Kg6 h4 42. Kf5 Ke7 43. Bb5 Kd8 44. Ke6 Bg3 45. Kd6 Bf4 46. Ba4 Bg3 47. Kd5 Bf4 48. Kc6 Bg3 49. Kb5 Be1 50. Kc4 Bd2 51. Kd3 Bf4 52. Kc4 Bg3 53. Kd5 Bf4 54. Kd6 Bg3 55. Ke6 Bf4 56. Kf5 Ke7 57. Kg6 Kd8 58. Kf6 Bg3 59. Kxg5 Ke7 60. Kg4 Kd8 61. Kf5 Ke7 62. Kg4 Kd8 63. f4 exf4 64. Kf5 Ke7 65. e5 Bh2 66. e6 Bg1 67. Kxf4 Bh2+ 68. Kf5 Bg3 69. Kg4 Kd8 70. Kg5 Ke7 71. Kf5 Bf2 72. Ke4 Bg3 73. Ke3 Be1 74. g4 hxg3 75. Kf3 Bc3 76. h4 Bf6 77. h5 Kxe6 78. Kxg3 Kf7 79. Kg4 Kg7 80. Kf5 Bd8 81. Ke6 Kh6 82. Bd1 a4 83. Bxa4 Kxh5 84. Kf7 Bb6 85. Ke8 Ba5 86. d8=Q Bxd8 1/2-1/2


[Site "https://www.chess.com"]

[Event "Titled Tuesday Blitz May 16 Late 2023"]
[White "Hajiyev, Kanan"]
[Black "Kujawski, Adam"]
[WhiteFideId "13404148"]
[BlackFideId "1100920"]
[WhiteElo "2103"]
[BlackElo "2054"]
[Result "1-0"]
[Round "03"]
[TimeControl "180+2"]
[Date "2023.05.16"]
[WhiteClock "0:01:30"]
[BlackClock "0:00:00"]

1. d4 Nf6 2. c4 e6 3. Nc3 Bb4 4. Qc2 d5 5. cxd5 exd5 6. Bf4 c5 7. a3 Bxc3+ 8. bxc3 cxd4 9. cxd4 Nc6 10. Nf3 Ne4 11. e3 Qa5+ 12. Nd2 Bf5 13. Qb2 Rc8 14. Rd1 g5 15. Bg3 h5 16. f3 Nxd2 17. Rxd2 O-O 18. h4 Rfe8 19. Kf2 g4 20. Be2 Re7 21. Bf4 Rce8 22. Bd3 Bxd3 23. Rxd3 b6 24. fxg4 hxg4 25. h5 Re6 26. Rh4 Kh7 27. Rxg4 1-0


[Site "https://www.chess.com"]

[Event "Titled Tuesday Blitz May 16 Late 2023"]
[White "Vifleemskaia, Svetlana"]
[Black "Martic, Ivan"]
[WhiteFideId "4129490"]
[BlackFideId "929301"]
[WhiteElo "1930"]
[BlackElo "2360"]
[Result "0-1"]
[Round "03"]
[TimeControl "180+2"]
[Date "2023.05.16"]
[WhiteClock "0:00:00"]
[BlackClock "0:01:40"]

1. d4 d6 2. c4 g6 3. e4 Bg7 4. Nc3 Nf6 5. Nge2 O-O 6. Ng3 c5 7. Bd3 cxd4 8. Nd5 e6 9. Nxf6+ Bxf6 10. O-O Nc6 11. f4 Re8 12. a3 a5 13. Bd2 Bg7 14. b4 axb4 15. axb4 Rxa1 16. Qxa1 h5 17. b5 Ne7 18. Qa7 h4 19. Ne2 d5 20. cxd5 exd5 21. e5 h3 22. Nxd4 hxg2 23. Kxg2 Qd7 24. e6 fxe6 25. Nf3 Nf5 26. Re1 Qd6 27. Ne5 g5 28. Bxf5 exf5 29. Nc4 Qf8 30. Ne5 Bxe5 31. fxe5 f4 32. Qb6 Qf5 33. Qh6 Re6 34. Qh5 Qd3 35. Qxg5+ Rg6 36. Bxf4 Rxg5+ 37. Bxg5 Bh3+ 38. Kf2 Qf5+ 0-1


[Site "https://www.chess.com"]

[Event "Titled Tuesday Blitz May 16 Late 2023"]
[White "Tomaszewski, Kacper"]
[Black "Georg, Heinz"]
[WhiteFideId "1127373"]
[BlackFideId "4607295"]
[WhiteElo "2211"]
[BlackElo "2289"]
[Result "1/2-1/2"]
[Round "03"]
[TimeControl "180+2"]
[Date "2023.05.16"]
[WhiteClock "0:02:53"]
[BlackClock "0:02:06"]

1. e4 c5 2. Nf3 Nc6 3. b4 Nxb4 4. c3 Nc6 5. d4 cxd4 6. cxd4 d5 7. exd5 Qxd5 8. Nc3 Qa5 9. Bd2 e6 10. Rb1 Bb4 11. Rxb4 Qxb4 12. Nb5 Qe7 13. Bf4 Qb4+ 14. Bd2 Qe7 15. Bf4 Qb4+ 16. Bd2 1/2-1/2


[Site "https://www.chess.com"]